Map: Honorgrounds LE

Players

Neeb - Winner!

  • Race: Protoss Protoss
  • Spawn Location: 1:00

TLO

  • Race: Zerg Zerg
  • Spawn Location: 7:00

Event: WCS Austin 2017

VOD

Have the link to the VOD?

Description

Time

  • Played on: April 28, 2017, 7:44 p.m.
  • Length: 12:36

All games in this series

Show
View Real Time Build Order
Export as new Build Order

Neeb Protoss - Winner!

Build Orders: 1 Gate Expand, Oracle Opening 

Get SALT Encoding   

  12  0:00  Probe (Chrono Boost)  
  13  0:11  Probe (Chrono Boost)  
  14  0:18  Pylon  
  14  0:22  Probe (Chrono Boost)  
  15  0:36  Probe (Chrono Boost)  
  15  0:37  Gateway  
  16  0:47  Assimilator, Probe (Chrono Boost)  
  17  0:57  Probe (Chrono Boost)  
  18  1:08  Probe (Chrono Boost)  
  19  1:20  Nexus  
  19  1:23  Probe (Chrono Boost)  
  20  1:34  Cybernetics Core  
  20  1:37  Probe (Chrono Boost)  
  21  1:41  Assimilator  
  21  1:47  Probe (Chrono Boost)  
  21  1:51  Pylon  
  22  1:58  Probe (Chrono Boost)  
  23  2:07  Adept  
  23  2:11  Probe (Chrono Boost)  
  27  2:23  Probe (Chrono Boost)  
  27  2:24  Stargate  
  27  2:32  Warp Gate  
  27  2:33  Probe x2 (Chrono Boost)  
  29  2:37  Adept  
  29  2:44  Probe x2 (Chrono Boost)  
  33  2:54  Probe x2 (Chrono Boost)  
  35  3:04  Adept  
  35  3:05  Probe (Chrono Boost)  
  39  3:06  Probe (Chrono Boost)  
  39  3:07  Oracle  
  42  3:15  Probe (Chrono Boost)  
  42  3:18  Probe (Chrono Boost)  
  44  3:26  Probe (Chrono Boost), Pylon  
  45  3:30  Probe (Chrono Boost)  
  46  3:35  Gateway  
  46  3:40  Oracle  
  46  3:43  Gateway  
  46  3:44  Probe (Chrono Boost)  
  46  3:46  Probe (Chrono Boost)  
  51  3:52  Pylon  
  51  3:55  Probe (Chrono Boost)  
  52  4:00  Mothership Core (Chrono Boost)  
  54  4:06  Nexus  
  54  4:10  Pylon  
  54  4:11  Probe (Chrono Boost)  
  54  4:17  Phoenix  
  55  4:20  Probe (Chrono Boost)  
  55  4:21  Probe (Chrono Boost)  
  59  4:24  Pylon  
  59  4:26  Assimilator  
  60  4:32  Probe (Chrono Boost)  
  60  4:38  Adept x2  
  64  4:39  Adept  
  64  4:44  Probe (Chrono Boost)  
  64  4:45  Probe (Chrono Boost)  
  68  4:52  Assimilator  
  68  4:55  Probe (Chrono Boost)  
  68  4:59  Probe (Chrono Boost)  
  70  5:00  Robotics Facility  
  70  5:05  Probe (Chrono Boost)  
  70  5:06  Adept x3  
  77  5:09  Forge  
  77  5:12  Probe (Chrono Boost)  
  78  5:18  Probe (Chrono Boost)  
  78  5:20  Probe (Chrono Boost)  
  80  5:23  Pylon  
  80  5:24  Probe (Chrono Boost)  
  80  5:27  Pylon  
  80  5:28  Probe (Chrono Boost), Sentry x2  
  85  5:30  Probe (Chrono Boost)  
  85  5:33  Assimilator  
  85  5:34  Assimilator  
  85  5:35  Protoss Ground Weapons Level 1  
  88  5:36  Probe (Chrono Boost), Pylon  
  88  5:39  Probe (Chrono Boost)  
  89  5:46  Probe (Chrono Boost)  
  89  5:48  Probe (Chrono Boost)  
  89  5:49  Observer  
  92  5:50  Probe (Chrono Boost)  
  92  5:53  Twilight Council  
  90  5:58  Probe (Chrono Boost)  
  90  6:00  Probe (Chrono Boost)  
  90  6:03  Probe (Chrono Boost)  
  82  6:09  Immortal  
  82  6:10  Probe (Chrono Boost)  
  84  6:12  Probe (Chrono Boost), Sentry  
  84  6:13  Zealot x2  
  84  6:14  Probe (Chrono Boost)  
  95  6:22  Probe (Chrono Boost)  
  95  6:24  Charge  
  95  6:25  Probe x2 (Chrono Boost)  
  98  6:28  Pylon  
  98  6:31  Templar Archives, Pylon  
  98  6:32  Gateway  
  98  6:35  Gateway  
  98  6:37  Gateway  
  98  6:44  Warp Prism  
  98  6:52  Nexus  
  100  6:55  Gateway  
  100  6:57  Gateway  
  100  6:59  Pylon  
  100  7:08  Psionic Storm  
  100  7:11  High Templar x2  
  100  7:13  Probe x2 (Chrono Boost)  
  100  7:15  Protoss Ground Weapons Level 2, Pylon  
  106  7:16  High Templar  
  106  7:17  Pylon  
  106  7:20  Immortal  
  106  7:21  Pylon  
  108  7:25  Pylon  
  112  7:34  Probe (Chrono Boost)  
  112  7:35  Probe (Chrono Boost), Photon Cannon  
  112  7:36  Gateway  
  114  7:39  High Templar  
  114  7:40  Gateway  
  116  7:45  Assimilator  
  116  7:47  Zealot x2  
  122  7:54  Assimilator  
  122  7:55  Immortal  
  122  8:00  Zealot  
  126  8:07  High Templar x2  
  130  8:13  Zealot x3, Archon  
  130  8:14  Zealot  
  126  8:30  Zealot x2  
  120  8:35  Immortal  
  120  8:37  Zealot x3  
  120  8:39  Zealot x2  
  128  8:42  Archon  
  128  8:45  High Templar x2  
  132  8:49  Robotics Facility, Archon  
  134  8:55  Probe x2 (Chrono Boost)  
  134  8:56  High Templar x2, Probe x2 (Chrono Boost)  
  134  8:57  Zealot x2  
  134  9:01  Archon  
  142  9:12  Zealot x2  
  142  9:14  Immortal  
  142  9:19  Zealot x3  
  146  9:29  High Templar x2  
  148  9:32  High Templar  
  148  9:33  High Templar, Zealot  
  148  9:34  Archon  
  148  9:39  Archon  
  148  9:42  Protoss Ground Weapons Level 3  
  136  9:46  Immortal  
  136  9:49  Immortal, Zealot x3  
  136  9:52  Probe x3 (Chrono Boost)  
  141  10:00  High Templar  
  141  10:06  Zealot x3  
  149  10:09  Pylon  
  149  10:19  High Templar x3  
  149  10:21  Immortal  
  155  10:24  Gateway  
  155  10:26  Archon  
  155  10:27  Zealot x2  
  161  10:28  Immortal  
  165  10:41  Photon Cannon  
  165  10:42  Photon Cannon  
  165  10:44  Photon Cannon  
  167  10:51  Zealot x2  
  167  10:55  Pylon  
  167  10:56  Pylon  
  171  11:02  Immortal  
  171  11:03  Immortal  
  171  11:14  High Templar x6  
  171  11:15  Zealot x2  
  171  11:18  Archon x3  
  181  11:33  Archon  
  181  11:37  Immortal x2  
  183  11:51  High Templar x2  
  187  11:55  Archon  
  175  12:10  Pylon  
  175  12:11  Pylon  
  175  12:12  Pylon  
  175  12:15  Nexus  
Show
View Real Time Build Order
Export as new Build Order

TLO Zerg 

Build Orders: Hatch First, Lurkers 

Get SALT Encoding   

  12  0:00  Drone  
  13  0:12  Overlord  
  13  0:17  Drone  
  14  0:31  Drone x2  
  16  0:50  Hatchery  
  16  0:53  Drone  
  16  0:56  Drone  
  17  1:12  Spawning Pool  
  17  1:14  Drone  
  17  1:18  Drone  
  18  1:21  Drone  
  19  1:31  Drone  
  20  1:35  Extractor  
  19  1:41  Overlord  
  19  1:54  Drone  
  20  2:00  Queen  
  22  2:01  Zergling x2  
  22  2:02  Queen  
  22  2:03  Drone  
  26  2:11  Drone  
  26  2:13  Drone  
  28  2:21  Drone  
  29  2:23  Drone  
  30  2:34  Hatchery  
  30  2:37  Drone  
  30  2:44  Queen  
  30  2:47  Zergling x2  
  33  2:52  Overlord  
  33  2:56  Metabolic Boost  
  33  3:01  Drone  
  33  3:02  Drone  
  35  3:07  Drone  
  35  3:10  Drone  
  35  3:12  Drone  
  37  3:13  Drone  
  37  3:15  Zergling x4  
  37  3:18  Drone  
  37  3:19  Drone  
  42  3:21  Drone  
  42  3:26  Drone  
  44  3:31  Overlord  
  43  3:35  Overlord, Evolution Chamber  
  43  3:36  Drone  
  43  3:47  Drone  
  44  3:49  Spore Crawler  
  44  3:50  Drone, Zergling x2, Spore Crawler  
  44  3:51  Drone  
  44  3:53  Drone x2  
  44  3:55  Drone  
  48  3:57  Drone  
  48  3:59  Drone  
  48  4:02  Zerg Melee Weapons Level 1  
  50  4:06  Spore Crawler  
  50  4:07  Drone  
  50  4:10  Drone  
  50  4:14  Drone  
  50  4:16  Overlord  
  51  4:19  Drone  
  51  4:21  Zergling x4  
  54  4:24  Zergling x2  
  54  4:25  Spore Crawler  
  54  4:26  Zergling x2  
  54  4:28  Zergling x2  
  54  4:29  Drone  
  54  4:30  Zergling x2  
  58  4:32  Zergling x2  
  58  4:33  Zergling x2  
  58  4:35  Overlord  
  58  4:37  Zergling x2  
  60  4:39  Zergling x2  
  60  4:41  Drone  
  60  4:44  Zergling x2  
  60  4:45  Overlord  
  63  4:46  Zergling x2  
  63  4:48  Overlord  
  63  4:51  Drone  
  65  4:53  Drone  
  65  4:54  Drone x2  
  65  4:55  Drone  
  65  4:58  Drone x2  
  71  5:00  Overlord  
  71  5:03  Overlord  
  71  5:07  Lair  
  71  5:11  Overlord  
  71  5:13  Overlord  
  71  5:14  Zergling x2  
  72  5:16  Zergling x4  
  72  5:19  Drone  
  72  5:20  Zergling x2  
  74  5:23  Extractor x2  
  74  5:25  Drone x2, Extractor  
  74  5:26  Extractor  
  74  5:27  Overlord  
  72  5:29  Overlord  
  72  5:31  Drone  
  72  5:33  Zergling x2  
  72  5:34  Zergling x2  
  76  5:35  Zergling x2  
  76  5:36  Drone  
  76  5:38  Drone  
  78  5:45  Drone  
  78  5:48  Drone x5  
  83  5:50  Drone  
  83  5:54  Drone  
  81  6:00  Drone  
  81  6:01  Drone x2  
  81  6:03  Drone  
  81  6:04  Drone x2  
  82  6:07  Hydralisk Den  
  82  6:14  Zerg Missile Weapons Level 1  
  82  6:15  Overlord  
  82  6:16  Drone x2  
  84  6:20  Extractor  
  84  6:21  Hatchery  
  84  6:22  Zergling x4, Baneling Nest  
  83  6:32  Overlord x2  
  83  6:38  Muscular Augments, Hydralisk x3  
  89  6:42  Hydralisk  
  91  6:48  Hydralisk x3  
  91  6:53  Drone x3, Hydralisk  
  102  6:56  Hydralisk  
  102  7:00  Hydralisk  
  106  7:03  Hydralisk  
  106  7:04  Hydralisk  
  110  7:08  Zergling x2  
  110  7:09  Centrifical Hooks  
  110  7:12  Zergling x2  
  110  7:13  Hydralisk  
  110  7:14  Zergling x2  
  116  7:15  Zergling x2  
  116  7:20  Hydralisk x2  
  116  7:21  Hydralisk  
  122  7:25  Hydralisk  
  124  7:31  Hydralisk  
  124  7:32  Hydralisk  
  124  7:34  Zergling x2  
  124  7:35  Zergling x2, Overlord  
  130  7:37  Zergling x2  
  130  7:38  Zergling x2  
  130  7:43  Hydralisk  
  130  7:44  Hydralisk  
  131  7:45  Hydralisk  
  131  7:47  Overlord, Zergling x2  
  131  7:48  Zergling x4  
  131  7:50  Zergling x2  
  131  7:51  Zergling x2  
  142  7:53  Baneling x2  
  142  7:54  Baneling x3  
  142  7:55  Zergling x2  
  142  7:58  Zergling x2  
  142  8:00  Zergling x4  
  142  8:02  Zergling x4  
  142  8:03  Zergling x2  
  146  8:06  Hydralisk, Baneling x2  
  146  8:09  Zergling x2  
  146  8:11  Zergling x4  
  146  8:12  Hydralisk  
  153  8:13  Hydralisk  
  153  8:17  Hydralisk  
  153  8:19  Zergling x4  
  145  8:22  Hydralisk  
  145  8:24  Hydralisk  
  145  8:25  Drone  
  144  8:27  Zergling x2  
  144  8:28  Zergling x2  
  144  8:29  Zergling x2, Baneling  
  144  8:32  Hydralisk  
  141  8:35  Zergling x2  
  141  8:36  Zergling x2  
  141  8:37  Hydralisk  
  141  8:39  Hydralisk  
  137  8:43  Hydralisk  
  137  8:45  Zergling x4, Baneling  
  137  8:47  Zergling x2  
  132  8:49  Hydralisk  
  132  8:51  Zergling x2  
  132  8:52  Zergling x2  
  132  8:55  Baneling x4  
  133  9:00  Lurker Den  
  133  9:03  Zergling x2  
  133  9:04  Zergling x4  
  133  9:05  Zergling x2, Baneling  
  133  9:07  Zergling x2  
  133  9:09  Zergling x4  
  137  9:13  Baneling  
  137  9:15  Zergling x2  
  137  9:16  Hydralisk  
  137  9:18  Zergling x2  
  137  9:19  Zergling x2  
  137  9:20  Zergling x4  
  137  9:21  Zergling x2  
  138  9:24  Baneling x2  
  138  9:26  Hydralisk x2  
  138  9:29  Hydralisk  
  142  9:32  Baneling x2  
  142  9:33  Hydralisk  
  142  9:36  Hydralisk  
  144  9:39  Zergling x2  
  144  9:43  Hydralisk x2  
  144  9:44  Hydralisk  
  125  9:46  Hydralisk  
  125  9:48  Zergling x2  
  125  9:50  Zergling x2  
  125  9:51  Zergling x2  
  125  9:52  Hydralisk  
  120  9:57  Drone  
  120  9:58  Drone  
  120  9:59  Drone x3  
  125  10:06  Zerg Missile Weapons Level 2  
  125  10:09  Zergling x4, Overseer  
  127  10:15  Zergling x2  
  128  10:29  Zergling x4  
  128  10:31  Lurker x8  
  128  10:32  Hydralisk  
  128  10:33  Zergling x20  
  146  10:38  Drone  
  146  10:39  Spore Crawler  
  146  10:40  Spine Crawler x2  
  146  10:42  Lurker  
  145  10:44  Lurker  
  145  10:45  Zergling x6  
  145  10:46  Baneling  
  145  10:47  Zergling x2  
  150  10:50  Hydralisk  
  150  10:51  Zergling x2  
  150  10:53  Hydralisk  
  152  11:07  Hydralisk x3  
  152  11:09  Hydralisk  
  159  11:12  Lurker  
  159  11:14  Hydralisk  
  159  11:15  Zergling x12  
  167  11:23  Hydralisk  
  167  11:28  Hydralisk  
  167  11:29  Zergling x2, Hydralisk x2  
  167  11:30  Hydralisk  
  167  11:31  Hydralisk  
  162  11:34  Hydralisk  
  162  11:36  Zergling x4  
  162  11:37  Hydralisk  
  143  11:42  Hydralisk  
  143  11:45  Hydralisk  
  143  11:46  Zergling x2, Hydralisk  
  139  11:47  Zergling x2  
  139  11:48  Zergling x4  
  139  11:49  Hydralisk  
  139  11:51  Zergling x2  
  139  11:53  Hydralisk  
  145  11:56  Hydralisk  
  145  11:58  Hydralisk  
  145  12:01  Hydralisk  
  145  12:04  Hydralisk  
  144  12:08  Hydralisk  
  144  12:10  Hydralisk  
  144  12:12  Drone  
  144  12:13  Zergling x2  
Tags
 
Add a new tag
Caveats
  • Supply blocks, unpowered buildings, or Contaminate may cause inaccurate times.
  • Supply counts are checked every 10 seconds.